 Dungeon Crawl Stone Soup version 0.28-a0-43-g560ac104fe (webtiles) character file.

Game seed: 2814325458295696843

77 Lekart the Skirmisher (level 4, -1/41 HPs)
             Began as a Draconian Chaos Knight on July 28, 2021.
             Was a Plaything of Xom.
             Slain by an orc wizard (4 damage)
             ... on level 2 of the Dungeon.
             The game lasted 00:02:32 (1757 turns).

Lekart the Skirmisher (Draconian Chaos Knight)      Turns: 1757, Time: 00:02:33

Health: -1/41      AC:  5    Str: 14    XL:     4   Next: 13%
Magic:  4/4        EV: 12    Int: 14    God:    Xom [..*...]
Gold:   91         SH:  0    Dex: 12    Spells: 3/3 levels left

rFire   . . .      SeeInvis .   e - +2 war axe (chaos)
rCold   . . .      Faith    .   (no shield)
rNeg    . . .      Spirit   .   (armour unavailable)
rPois   .          Reflect  .   (helmet restricted)
rElec   .          Harm     .   (no cloak)
rCorr   .          Rampage  .   (no gloves)
Will    .....      Clarity  +   (no boots)
Stlth   +.........              (no amulet)
HPRegen 0.13/turn               (no ring)
MPRegen 0.09/turn               (no ring)

@: attractive, very slightly contaminated, invisible
A: AC +5, unfitting armour, cold-blooded, clarity, clever 1, wild magic 1
a: Renounce Religion


You were on level 2 of the Dungeon.
You worshipped Xom.
You were a toy of Xom.
You visited 1 branch of the dungeon, and saw 3 of its levels.

You collected 119 gold pieces.
You spent 28 gold pieces at shops.

Inventory:

Hand Weapons
 a - a +0 falchion of chaos
 e - a +2 war axe of chaos (weapon)
Jewellery
 d - a ring of fire
Scrolls
 b - 2 scrolls of identify


   Skills:
 * Level 4.5 Fighting
 + Level 3.5 Long Blades
 + Level 0.3 Axes
 + Level 2.6 Dodging


You had 3 spell levels left.
You didn't know any spells.
Your spell library was empty.

Dungeon Overview and Level Annotations

Branches:
Dungeon (3/15)

Altars:
Elyvilon

Shops:
D:2 *


Innate Abilities, Weirdness & Mutations

Your plain brown scales are hard. (AC +5)
You cannot fit into any form of body armour.
You are cold-blooded and may be slowed by cold attacks.
You possess an exceptional clarity of mind.
Your mind is acute. (Int +2)
Your spells are a little harder to cast, but a little more powerful.


Message History

* * * LOW HITPOINT WARNING * * *
Something hits you.
* * * LOW HITPOINT WARNING * * *
Deactivating autopickup; reactivate with Ctrl-A.
The orc closely misses you.
You hear some strange, mumbled words.
You are confused.
You miss the orc.
The orc is almost dead.
You slash something! You freeze something. The orc hits you with a +0 dagger.
* * * LOW HITPOINT WARNING * * *
You hear some strange, mumbled words.
A puff of flame appears from out of thin air!
The puff of flame misses you.
The puff of flame hits the orc!
The orc dies!
Xom thinks this is hilarious!
Something hits you.
* * * LOW HITPOINT WARNING * * *
You see here a +0 club.
You're too confused to move!
Something hits you.
* * * LOW HITPOINT WARNING * * *
It was a potion of mutation.
You feel extremely strange.
You feel clever.
Your thoughts seem clearer.
You feel less in control of your magic.
Xom thinks this is hilarious!
Something hits you.
* * * LOW HITPOINT WARNING * * *
It was a potion of attraction.
You feel attractive to monsters.
Xom roars with laughter!
Something hits you.
* * * LOW HITPOINT WARNING * * *
Okay, then.
It was a potion of invisibility.
You fade into invisibility!
You feel less confused. Something hits you but does no damage.
You are very lightly contaminated with residual magic.
Something hits you.
You die... "Boring in life, boring in death..."

...........# ########
..######.#.###......#
#...................#
##########.###......#
### #..........# ..#
##.....[...# #.##
#.........# #..##
#.....))..# ##..#
#.....@>..# ##.####
##......{..#
###....###..........#
..####..............#
...........##########
.........#.##
............#
..........#.###
....(.....#...#######


There were no monsters in sight!

Vanquished Creatures
  2 adders (D:2)
  2 dart slugs (D:2)
  An orc (D:2)
  3 bats
  6 endoplasms
  4 giant cockroaches
  6 goblins
  A hobgoblin (D:2)
  4 kobolds
  3 quokkas
  7 ball pythons
  3 frilled lizards
  4 rats
46 creatures vanquished.

Vanquished Creatures (others)
  An orc (D:2)
  4 plants (D:1)
5 creatures vanquished.

Grand Total: 51 creatures vanquished

Notes
Turn   | Place    | Note
-------+----------+-------------------------------------------
     0 | D:1      | Lekart the Draconian Chaos Knight began the quest for the
                  | Orb.
     0 | D:1      | Reached XP level 1. HP: 19/19 MP: 1/1
   445 | D:1      | Reached XP level 2. HP: 17/27 MP: 2/2
   606 | D:1      | XOM: noise
   640 | D:1      | XOM: divination: magic mapping
   667 | D:1      | Found a faded altar of an unknown god.
   739 | D:1      | Reached skill level 4 in Fighting
   809 | D:1      | XOM: noise
   954 | D:1      | XOM: confuse monster(s)
  1064 | D:2      | Reached XP level 3. HP: 21/33 MP: 3/3
  1244 | D:2      | XOM: god gift: +2 war axe of chaos
  1450 | D:2      | XOM: fog
  1544 | D:2      | Found Eckod's General Store.
  1559 | D:2      | Reached XP level 4. HP: 41/41 MP: 4/4
  1559 | D:2      | Bought a scroll of identify for 28 gold pieces
  1590 | D:2      | Found a white marble altar of Elyvilon.
  1754 | D:2      | Gained mutation: Your mind is acute. (Int +2) [potion of
                  | mutation]
  1754 | D:2      | Gained mutation: You possess an exceptional clarity of
                  | mind. [potion of mutation]
  1754 | D:2      | Gained mutation: Your spells are a little harder to cast,
                  | but a little more powerful. [potion of mutation]
  1757 | D:2      | Slain by an orc wizard

Illustrated notes

Levels and vault maps discovered:
D:1:      lightli_arrival_windingriver, layout_loops_ring,
          ebering_ecumenical_altar_abandoned, columned_hall_lemuel
D:2:      layout_rooms, basic_altar, serial_shops, shop, minmay_box_of_dots
D:3:      layout_basic, lemuel_round_altar, ebering_ghost_disaster_area,
          hangedman_feature_mirror

Skill      XL: |  1  2 |
---------------+-------+-----
Fighting       | 4 |  4.5
Long Blades    | |  3.5
Axes           | |  0.3
Dodging        | |  2.6

Action                   |  1- 3 |  4- 6 || total
-------------------------+-------+-------++-------
Melee: Falchion          |    78 |       ||    78
       Tailslap          |     8 |       ||     8
       War axe           |    29 |     6 ||    35
  Use: Potion            |       |     3 ||     3
Armor: Skin              |    40 |    13 ||    53
Dodge: Dodged            |    91 |    23 ||   114
       Rpst.: Falchion   |    15 |       ||    15

Table legend: (Time is in decaauts)
 A = Elapsed time spent in this place.
 B = Non-inter-level travel time spent in this place.
 C = Inter-level travel time spent in this place.
 D = Time resting spent in this place.
 E = Time spent auto-exploring this place.
 F = Levels seen in this place.
 G = Mean time per level.
                   A        B        C        D        E       F      G
               +--------+--------+--------+--------+--------+-----+--------+
         Total |   1787 |   1768 |     19 |    198 |   1288 |   3 |  595.7 |
       Dungeon |   1787 |   1768 |     19 |    198 |   1288 |   3 |  595.7 |
               +--------+--------+--------+--------+--------+-----+--------+

Top non-repeatable levels by time:
     D:1: 1064 daAuts
     D:2: 704 daAuts
     D:3: 19 daAuts
